 Dungeon Crawl Stone Soup version 0.30-a0-168-g0b976cbdc4 (webtiles) character file.

Game seed: 11009381111701382902

3371 gelatine the Thaumaturge (level 10, -8/69 HPs)
             Began as a Djinni Fire Elementalist on Sept 30, 2022.
             Was an Initiate of Ashenzari.
             Shot with an arrow by a centaur warrior (20 damage)
             ... on level 7 of the Dungeon.
             The game lasted 00:24:29 (8995 turns).

gelatine the Thaumaturge (Djinni Fire Elementalist) Turns: 8995, Time: 00:24:29

Health: -8/69      AC:  7    Str:  7    XL:     10   Next: 23%
Gold:   445        EV: 15    Int: 24    God:    Ashenzari [......] SH:  0 Dex: 18

rFire   + + +      SeeInvis .    l - staff of fire
rCold   x . .      Faith    .    (no shield)
rNeg    . . .      Spirit   .    r - +2 robe of Prudence {Dex+4}
rPois   ∞          Reflect  .    f - +2 helmet {Int+3}
rElec   .          Harm     .    (no cloak)
rCorr   .          Rampage  .    (no gloves)
Will    +....                    (boots unavailable)
Stlth   +++.......               p - amulet of the acrobat
HPRegen 0.21/turn                (no ring)
MPRegen 0.00/turn                (no ring)

@: flying
A: sickness immunity, fire resistance 2, cold vulnerability 1, float, innate
caster, HP casting, extra vitality 1
a: Renounce Religion, Curse Item


You were on level 7 of the Dungeon.
You worshipped Ashenzari.
Ashenzari was noncommittal.
You visited 2 branches of the dungeon, and saw 8 of its levels.

You collected 445 gold pieces.

Inventory:

Hand Weapons
 b - a +0 short sword
 k - a +1 vampiric dagger
 q - a +2 dagger of venom
Armour
 f - a +2 helmet of intelligence (worn)
 r - the +2 robe of Prudence (worn) {Dex+4}
   (You found it on level 3 of the Dungeon)

   Dex:       It affects your dexterity (+4).
Magical Staves
 l - a staff of fire (weapon)
Jewellery
 p - an amulet of the acrobat (around neck)
Wands
 a - a wand of iceblast (11)
 o - a wand of charming (4)
Scrolls
 d - 4 scrolls of poison
 e - a scroll of fog
 g - a scroll of silence {unknown}
 j - 2 scrolls of vulnerability
 n - a scroll of enchant weapon
 s - 3 scrolls of fear {unknown}
 t - a scroll of immolation
 u - a scroll of blinking {unknown}
 v - a scroll of teleportation {unknown}
 w - a scroll of identify
Potions
 c - a potion of mutation
 h - a potion of curing
 i - a potion of attraction {unknown}
 m - a potion of heal wounds {unknown}


   Skills:
 * Level 4.7 Fighting
 * Level 5.8 Dodging
 + Level 4.6 Stealth
 + Level 8.2 Spellcasting
 + Level 3.7 Evocations


You had 4 spell levels left.
You knew the following spells:

 Your Spells              Type           Power      Damage    Failure   Level
a - Foxfire               Conj/Fire      100%       2x1d9     1%          1
b - Scorch                Fire           100%       2d10      1%          2
c - Kindle Blastsparks    Fire/Tloc/Air  100%       2d18      1%          3
d - Inner Flame           Hex/Fire       65%        N/A       1%          3
e - Flame Wave            Conj/Fire      65%        2d15      2%          4
f - Sandblast             Erth           98%        2d20      1%          1
g - Static Discharge      Conj/Air       98%        2-7/arc   1%          2
h - Momentum Strike       Conj/Tloc      98%        3d10      1%          2
i - Tukima's Dance        Hex            49%        N/A       1%          3
Your spell library was empty.

Dungeon Overview and Level Annotations

Branches:
Dungeon (7/15)             Temple (1/1) D:6

Altars:
Ashenzari
Cheibriados
Dithmenos
Elyvilon
Fedhas
Gozag
Hepliaklqana
Makhleb
Nemelex Xobeh
Okawaru
Qazlal
Ru
Trog
Uskayaw
Wu Jian
Xom
Yredelemnul
The Shining One

Shops:
D:5 [

Annotations:
D:5 2 runed translucent doors, ytrimaz's ghost, novice OpTm


Innate Abilities, Weirdness & Mutations

You are immune to sickness and miasma.
You are immune to poison.
Your flesh is very heat resistant. (rF++)
You are vulnerable to cold. (rC-)
You float through the air rather than walking.
You learn spells naturally, not from books.
Your magical power is your life essence.
You have superior vitality. (+4 MHP)


Message History

Casting: Foxfire (safe; 1% risk of failure)
Confirm with . or Enter, or press ? or * to list all spells.
You feel a surge of power!
You conjure some foxfire!
* * * LOW HITPOINT WARNING * * *
An orc wizard comes into view. It is wielding a +0 dagger.
The foxfire hits the iguana.
The iguana is heavily wounded.
A jelly comes into view.
A centaur warrior comes into view.
It is wielding a +2 scimitar of holy wrath.
Casting: Foxfire (safe; 1% risk of failure)
Confirm with . or Enter, or press ? or * to list all spells.
You feel a surge of power!
You conjure some foxfire!
The centaur warrior shouts!
* * * LOW HITPOINT WARNING * * *
The foxfire hits the iguana but does no damage.
The iguana is moderately wounded.
The foxfire hits the iguana but does no damage.
The iguana is moderately wounded.
The foxfire hits the iguana.
The iguana is heavily wounded.
The foxfire hits the iguana.
The iguana is severely wounded.
The centaur warrior unwields a +2 scimitar of holy wrath.
It stops glowing.
The centaur warrior wields a +0 shortbow.
The centaur warrior shoots an arrow.
The arrow closely misses you.
The foxfire hits the iguana!
You kill the iguana!
The foxfire hits the orc wizard.
The orc wizard is moderately wounded.
The orc wizard gestures wildly while chanting.
The orc wizard flickers and vanishes!
Deactivating autopickup; reactivate with Ctrl-A.
The centaur warrior shoots an arrow.
The arrow misses you.
The centaur warrior shoots an arrow.
The arrow closely misses you.
The centaur warrior shoots an arrow.
The arrow completely misses you.
The centaur warrior shoots an arrow.
The arrow closely misses you.
There is an escape hatch in the floor here.
The centaur warrior shoots an arrow.
The arrow hits you!!
You die...

##.##8..8##
#........#####
#............#######
#........###.......#
##.....#####.#####.#
######(#.......##.#
#♣..♣ #.#.##.##.##.#
♣
#.≈~♣♣#...##.).....#
.♣
#.≈~)♣#..@...##...##
..♣
#.≈..♣#.....#####.#
♣.[♣ #.....#.....#
#.# ♣..♣
#♣....#.....# #.#
♣..♣♣#♣....#.....#
#.##
♣)†.c.....c.....#
#..#
♣.J♣#.....#.....#
##.#
♣..♣♣#.....#.....#
#.# ♣..♣
#..≈..#..#### #.#


You could see a centaur warrior.

Vanquished Creatures
  Pikel (D:4)
  A shadow (D:7)
  A wraith (D:7)
  3 steam dragons
  A vampire mosquito (D:7)
  A water moccasin (D:7)
  An orc warrior (D:7)
  A black bear (D:4)
  An ogre (D:6)
  2 sky beasts
  2 centaurs
  4 lemures (D:4)
  2 phantoms
  3 bullfrogs
  2 necrophages
  2 scorpions
  4 wights (D:6)
  An electric eel (D:6)
  4 jellies
  2 orc priests
  2 hounds
  Ijyb (D:4)
  3 iguanas
  An orc wizard (D:4)
  6 adders
  7 gnolls
  3 shadow imps
  An ufetubus (D:7)
  2 worms (D:2)
  A dart slug (D:1)
  17 orcs
  6 ball pythons
  5 bats
  5 endoplasms
  4 giant cockroaches
  9 goblins
  6 hobgoblins
  12 jackals
  5 quokkas
  5 frilled lizards
  9 kobolds
  24 rats
173 creatures vanquished.

Vanquished Creatures (collateral kills)
  3 foxfires
3 creatures vanquished.

Vanquished Creatures (others)
  An iguana (D:4)
  A giant cockroach (D:4)
  707 foxfires
  13 plants
722 creatures vanquished.

Grand Total: 898 creatures vanquished

Notes
Turn   | Place    | Note
-------+----------+-------------------------------------------
     0 | D:1      | gelatine the Djinni Fire Elementalist began the quest for
                  | the Orb.
     0 | D:1      | gelatine set off with the following spells memorised:
                  | Foxfire, Scorch, Kindle Blastsparks, Inner Flame, Flame
                  | Wave.
     0 | D:1      | Reached XP level 1. HP: 15/15 MP: 0/0
   409 | D:1      | Reached XP level 2. HP: 17/21 MP: 0/0
   665 | D:1      | Reached skill level 3 in Spellcasting
   671 | D:1      | Reached XP level 3. HP: 18/25 MP: 0/0
   671 | D:1      | Learned a level 1 spell: Sandblast
   838 | D:1      | Found a faded altar of an unknown god.
  1520 | D:2      | Reached XP level 4. HP: 25/31 MP: 0/0
  1991 | D:2      | Reached XP level 5. HP: 32/35 MP: 0/0
  1991 | D:2      | Learned a level 2 spell: Static Discharge
  2661 | D:2      | Reached skill level 4 in Spellcasting
  3615 | D:3      | Identified the +2 robe of Prudence {Dex+4}
  3759 | D:3      | Reached XP level 6. HP: 19/41 MP: 0/0
  4171 | D:4      | Reached skill level 1 in Fighting
  4171 | D:4      | Reached skill level 1 in Evocations
  4172 | D:4      | Noticed Ijyb
  4631 | D:4      | Reached XP level 7. HP: 32/47 MP: 0/0
  4631 | D:4      | Learned a level 2 spell: Momentum Strike
  5125 | D:4      | Reached skill level 5 in Spellcasting
  5210 | D:4      | Noticed Pikel
  5368 | D:4      | Killed Pikel
  5369 | D:4      | Reached XP level 8. HP: 18/55 MP: 0/0
  5464 | D:4      | Killed Ijyb
  6055 | D:5      | Entered Level 5 of the Dungeon
  6165 | D:5      | Found Issor's Armour Emporium.
  6318 | D:5      | Found a runed translucent door.
  6324 | D:5      | Noticed ytrimaz's ghost (novice OpTm)
  6823 | D:5      | Found a runed translucent door.
  6936 | D:6      | Reached skill level 6 in Spellcasting
  6956 | D:6      | Reached XP level 9. HP: 40/60 MP: 0/0
  6956 | D:6      | Learned a level 3 spell: Tukima's Dance
  7085 | D:6      | Found a staircase to the Ecumenical Temple.
  7092 | Temple   | Entered the Ecumenical Temple
  7141 | Temple   | Became a worshipper of Ashenzari the Shackled
  7229 | D:6      | Found a bloodstained altar of Trog.
  7324 | D:6      | Found a white marble altar of Elyvilon.
  7562 | D:6      | Found an iron altar of Okawaru.
  8317 | D:7      | Reached skill level 5 in Dodging
  8317 | D:7      | Reached skill level 7 in Spellcasting
  8614 | D:7      | Found a shadowy altar of Dithmenos.
  8635 | D:7      | Found a stormy altar of Qazlal.
  8638 | D:7      | Found an opulent altar of Gozag.
  8639 | D:7      | Found a blossoming altar of Fedhas.
  8639 | D:7      | Found a sparkling altar of Nemelex Xobeh.
  8847 | D:7      | Reached XP level 10. HP: 55/68 MP: 0/0
  8934 | D:7      | Reached skill level 8 in Spellcasting
  8980 | D:7      | Noticed a centaur warrior
  8995 | D:7      | Shot with an arrow by a centaur warrior

Illustrated notes

Levels and vault maps discovered:
D:1:      dpeg_arrival_triangle_fractal, layout_rooms,
          ebering_ecumenical_altar_mist
D:2:      layout_basic
D:3:      layout_basic, serial_corexii_hall, corexii_hall_statues_t,
          corexii_hall_statues_deadend, minmay_rat_hole
D:4:      layout_gridville, uniq_ijyb, uniq_pikel
D:5:      layout_basic, ebering_ghost_sewer_f, serial_shops,
          nicolae_diamond_shop, amethyst_killhole
D:6:      layout_gridville, nicolae_elyvilon_temple_path, marbit_many_paths,
          general_overflow_altar, minmay_temple_entry_tees
D:7:      nzn_winding_woodlands_cross [nzn_winding_woodlands_5x15_concentric,
          nzn_winding_woodlands_5x15_default,
          nzn_winding_woodlands_5x15_pathside_ponds,
          nzn_winding_woodlands_5x15_pockets,
          nzn_winding_woodlands_15x15_thick_spiral], layout_loops_cross,
          minitemple, gammafunk_temple_overflow_statue, uniq_duvessa,
          uniq_crazy_yiuf_cottage
Temple:   nicolae_temple_ecumenical_triangle

Skill      XL: |  1  2  3  4  5  6  7  8  9 10 |
---------------+-------------------------------+-----
Spellcasting   | 3 4 5 6 7 8 |  8.2
Stealth        | 2 3 4 |  4.6
Fighting       | 1 2 3 4 |  4.7
Evocations     | 1 2 3 |  3.7
Dodging        | 3 4 5 |  5.8

Action                   |  1- 3 |  4- 6 |  7- 9 | 10-12 || total
-------------------------+-------+-------+-------+-------++-------
Melee: Short sword       |     2 |       |       |       ||     2
       Staff             |       |     3 |     2 |       ||     5
 Cast: Foxfire           |    67 |   131 |   192 |    23 ||   413
       Sandblast         |     1 |       |     2 |       ||     3
       Kindle Blastspark |     1 |       |       |       ||     1
       Scorch            |       |     4 |    28 |     6 ||    38
       Flame Wave        |       |     1 |     2 |       ||     3
       Static Discharge  |       |     1 |     3 |       ||     4
       Momentum Strike   |       |       |     2 |       ||     2
  Use: Scroll            |       |     5 |     2 |       ||     7
       Potion            |       |     1 |     3 |     1 ||     5
Armor: Robe              |       |     4 |     2 |       ||     6
Dodge: Dodged            |     3 |     6 |    22 |     9 ||    40

Table legend: (Time is in decaauts)
 A = Elapsed time spent in this place.
 B = Non-inter-level travel time spent in this place.
 C = Inter-level travel time spent in this place.
 D = Time resting spent in this place.
 E = Time spent auto-exploring this place.
 F = Levels seen in this place.
 G = Mean time per level.
                   A        B        C        D        E       F      G
               +--------+--------+--------+--------+--------+-----+--------+
         Total |   8975 |   8669 |    306 |   1104 |   6520 |   8 | 1121.9 |
       Dungeon |   8920 |   8640 |    280 |   1104 |   6502 |   7 | 1274.3 |
        Temple |     54 |     28 |     26 |      0 |     18 |   1 |   54.0 |
               +--------+--------+--------+--------+--------+-----+--------+

Top non-repeatable levels by time:
     D:3: 1818 daAuts
     D:4: 1516 daAuts
     D:2: 1352 daAuts
     D:1: 1347 daAuts
     D:6: 1328 daAuts
     D:5: 874 daAuts
     D:7: 681 daAuts
  Temple: 54 daAuts
